 Dungeon Crawl Stone Soup version 0.29.1-15-g9cfb28693d (webtiles) character file.

Game seed: 8148882803233912470

24 chaostorm the Shooter (level 3, 8/22 HPs)
             Began as a Tengu Hunter on Apr 6, 2023.
             Quit the game on level 1 of the Dungeon.
             The game lasted 00:06:48 (1586 turns).

chaostorm the Shooter (Tengu Hunter)                Turns: 1586, Time: 00:06:49

Health: 8/22       AC:  3    Str: 11    XL:     3   Next: 2%
Magic:  4/4        EV: 12    Int:  9    God:
Gold:   60         SH:  0    Dex: 19    Spells: 2/2 levels left

rFire   . . .      SeeInvis .   a - +0 shortbow
rCold   . . .      Faith    .   (shield currently unavailable)
rNeg    . . .      Spirit   .   c - +0 leather armour
rPois   .          Reflect  .   (helmet restricted)
rElec   .          Harm     .   (no cloak)
rCorr   .          Rampage  .   (no gloves)
Will    .....                   (boots unavailable)
Stlth   ++........              (no amulet)
HPRegen 0.07/turn               (no ring)
MPRegen 0.09/turn               (no ring)

@: no status effects
A: beak, talons 3
a: no special abilities


You were on level 1 of the Dungeon.
You visited 1 branch of the dungeon, and saw 2 of its levels.

You collected 60 gold pieces.

Inventory:

Hand Weapons
 a - a +0 shortbow (weapon)
Missiles
 h - 3 poisoned darts
Armour
 c - a +0 leather armour (worn)
Jewellery
 i - a ring of magical power
Scrolls
 b - a scroll of immolation
 e - a scroll of identify {unknown}
 f - a scroll of poison {unknown}
 g - a scroll of enchant armour {unknown}
Potions
 d - a potion of lignification {unknown}


   Skills:
 + Level 2.3 Fighting
 * Level 4.8 Ranged Weapons
 + Level 2.6 Dodging
 - Level 1.2 Stealth


You had 2 spell levels left.
You didn't know any spells.
Your spell library was empty.

Dungeon Overview and Level Annotations

Branches:
Dungeon (2/15) Zot: 10389

Altars:

Annotations:
D:1 Terence
D:2 Robin


Innate Abilities, Weirdness & Mutations

You have a beak for a mouth.
You have claws for feet.


Message History

Press: ? - help, Shift-Dir - straight line, f/p - hobgoblin
Aim: a hobgoblin (strong, 63% to hit)
You shoot an arrow. The arrow hits the hobgoblin!
You kill the hobgoblin!
You have reached level 3!
Your experience leads to an increase in your attributes!
Increase (s)trength, (i)ntelligence, or (d)exterity?
You feel agile. x2
You start resting.
HP restored.
You climb downwards.
Level annotation: Robin, Terence Terence misses you.
The goblin hits you with a +0 dagger. The kobold misses you.
The goblin barely misses you. The goblin closely misses you.
The ball python bites you but does no damage.
The ball python grabs you. The ball python constricts you.
The goblin closely misses you. The hobgoblin hits you.
The hobgoblin closely misses you. Terence hits you with a +0 flail.
* * * LOW HITPOINT WARNING * * *
The kobold hits you with a +1 short sword of electrocution.
* * * LOW HITPOINT WARNING * * *
The goblin hits you with a +0 dagger.
* * * LOW HITPOINT WARNING * * *
The goblin completely misses you.
Robin roars a battlecry!
The goblins go into a battle-frenzy!
There is a stone staircase leading up, spattered with blood here.
You escape the ball python's grasp.
The ball python bites you but does no damage.
The ball python closely misses you. The hobgoblin closely misses you.
The kobold closely misses you.
The hobgoblin hits you but does no damage.
The goblin hits you but does no damage. The goblin barely misses you.
Terence hits you with a +0 flail.
* * * LOW HITPOINT WARNING * * *
The goblin barely misses you.
You climb upwards.
There is a stone staircase leading down, spattered with blood here.
Are you sure you want to abandon this character and quit the game? (Confirm with "yes".)

#S# #.## ##.##.##.
#@# #.# #.......
#g# #.## ##.##.##.
#K####.###..##.##.
#gg....>...)......
##########.###.###
#.....# ####.>##
##.#.## ##.###.#
#.## ##. ##.###.#
##.#.## #.....
######


You could see Terence, 2 hobgoblins, 3 goblins, a ball python and a kobold.

Vanquished Creatures
  3 hobgoblins (D:1)
  2 quokkas (D:1)
  2 ball pythons (D:1)
  A bat (D:1)
  4 frilled lizards (D:1)
  5 goblins (D:1)
  3 kobolds (D:1)
  5 rats (D:1)
25 creatures vanquished.

Vanquished Creatures (others)
  A fungus (D:1)
  A plant (D:1)
2 creatures vanquished.

Grand Total: 27 creatures vanquished

Notes
Turn   | Place    | Note
-------+----------+-------------------------------------------
     0 | D:1      | chaostorm the Tengu Hunter began the quest for the Orb.
     0 | D:1      | Reached XP level 1. HP: 12/12 MP: 2/2
    45 | D:1      | Reached XP level 2. HP: 16/17 MP: 3/3
   298 | D:1      | Found a faded altar of an unknown god.
  1083 | D:2      | Noticed Terence
  1120 | D:2      | Noticed Robin
  1368 | D:1      | Reached XP level 3. HP: 7/22 MP: 4/4
  1586 | D:1      | Quit the game

Illustrated notes

Levels and vault maps discovered:
D:1:      minmay_arrival_hallway, layout_loops_ring,
          shapermc_ecumenical_altar_gd, minmay_tetromino_l4
D:2:      layout_rooms, serial_shops, shop_statue, minmay_distorted,
          uniq_terence, uniq_robin

Action                   || total
-------------------------++-------
 Fire: Shortbow          ||    61
Armor: Leather armour    ||    10
Dodge: Dodged            ||    47
